 Dungeon Crawl Stone Soup version 0.26-a0-665-gefeb406119 (webtiles) character file.

Game seed: 15283203330163940601

100627 Lavandula the Scholar (level 15, -18/101 HPs)
             Began as a Demonspawn Air Elementalist on Oct 15, 2020.
             Was an Elder of Sif Muna.
             Killed from afar by a cane toad (21 damage)
             ... with an exploding inner flame
             ... called by a spriggan druid
             ... hexed by the player character
             ... on level 4 of the Swamp.
             The game lasted 01:23:37 (23154 turns).

Lavandula the Scholar (DsAE)                       Turns: 23154, Time: 01:23:38

Health: -18/101    AC: 30    Str: 10    XL:     15   Next: 81%
Magic:  18/27      EV: 18    Int: 26    God:    Sif Muna [****..]
Gold:   2575       SH:  0    Dex: 22    Spells: 2/31 levels left

rFire    . . .     SeeInvis +   G - +8 lajatang (vamp)
rCold    . . .     Faith    .   (shield currently unavailable)
rNeg     + . .     Spirit   .   Q - +3 ring mail of Dawn {rPois Str+2 Int+2}
rPois    +         Reflect  .   E - +2 helmet {Int+3}
rElec    .         Harm     .   r - +2 cloak
rCorr    +         Rampage  .   w - +2 pair of gloves
MR       +....                  (boots unavailable)
Stlth    +.........             V - amulet of regeneration
HPRegen  0.66/turn              H - ring "Juczac" {+Inv rPois rN+ rCorr SInv}
MPRegen  0.20/turn              h - +6 ring of dexterity

@: sanguine armour, very slow
A: talons 3, powered by death 1, spiny 3, sanguine armour 3
a: Channel Magic, Forget Spell, Divine Exegesis, Renounce Religion, Evoke
Invisibility


You were on level 4 of the Swamp.
You worshipped Sif Muna.
Sif Muna was greatly pleased with you.
You visited 5 branches of the dungeon, and saw 27 of its levels.
You also visited: Trove, Ossuary and Ice Cave.

You collected 5016 gold pieces.
You spent 2441 gold pieces at shops.

Inventory:

Hand Weapons
 f - the +3 lajatang "Viloula" {vorpal, rPois Str-2 Stlth+}
   (You acquired it on level 6 of the Dungeon)

   It inflicts extra damage upon your enemies.
   It affects your strength (-2).
   It protects you from poison.
   It makes you more stealthy.
 q - a +0 lajatang of venom
 G - a +8 vampiric lajatang (weapon)
 I - a +5 dagger of electrocution
Missiles
 M - 3 throwing nets (quivered)
 Y - 7 curare-tipped darts
Armour
 r - a +2 cloak (worn)
 w - a +2 pair of gloves (worn)
 B - +0 acid dragon scales
 E - a +2 helmet of intelligence (worn)
 O - a +0 troll leather armour
 Q - the +3 ring mail of Dawn (worn) {rPois Str+2 Int+2}
   (You found it on level 10 of the Dungeon)

   It affects your strength (+2).
   It affects your intelligence (+2).
   It protects you from poison.
Magical Staves
 a - an uncursed staff of air
Jewellery
 e - an uncursed ring of ice
 h - a +6 ring of dexterity (right hand)
 H - the ring "Juczac" (left hand) {+Inv rPois rN+ rCorr SInv}
   (You found it on level 12 of the Dungeon)

   [ring of resist corrosion]

   It protects you from poison.
   It protects you from negative energy.
   It lets you see invisible.
   It lets you turn invisible.
   It provides partial protection from all sources of acid and corrosion.
 U - an uncursed ring of protection from fire
 V - an amulet of regeneration (around neck)
Wands
 y - a wand of digging (3)
 z - a wand of disintegration (8)
 A - a wand of enslavement (18)
 C - a wand of polymorph (17)
 D - a wand of acid (13)
 L - a wand of iceblast (12)
 W - a wand of flame (40)
Scrolls
 i - 11 scrolls of teleportation
 j - 3 scrolls of fog
 l - 2 scrolls of immolation
 m - 11 scrolls of remove curse
 s - 3 scrolls of enchant armour
 t - 3 scrolls of magic mapping
 J - 2 scrolls of fear
 P - a scroll of holy word
 R - a scroll of torment
 S - a scroll of summoning
 T - 4 scrolls of blinking
 Z - a scroll of silence
Potions
 b - 4 potions of haste
 c - a potion of invisibility
 d - 3 potions of lignification
 k - 5 potions of stabbing
 n - 4 potions of resistance
 o - 3 potions of brilliance {unknown}
 p - a potion of mutation {unknown}
 u - 6 potions of curing
 v - 3 potions of ambrosia
 x - 2 potions of magic
 F - 2 potions of heal wounds
 K - 6 potions of flight {unknown}
 N - a potion of might
Miscellaneous
 X - a box of beasts (3/3)


   Skills:
 - Level 4.6 Fighting
   Level 5.3 Long Blades
 - Level 9.2 Staves
 - Level 4.3 Throwing
 - Level 5.1 Armour
 - Level 10.5 Dodging
 - Level 1.7 Stealth
 + Level 8.8 Spellcasting
 - Level 7.0 Conjurations
 - Level 6.1 Translocations
 - Level 9.9 Ice Magic
 - Level 10.5 Air Magic
 - Level 11.4 Invocations
 - Level 4.3 Evocations


You had 2 spell levels left.
You knew the following spells:

 Your Spells              Type           Power        Failure   Level
a - Shock                 Conj/Air       ####         1%          1
b - Swiftness             Air            ######..     1%          2
c - Static Discharge      Conj/Air       ######..     1%          3
d - Airstrike             Air            ######....   1%          4
e - Lightning Bolt        Conj/Air       ######....   9%          5
f - Freezing Cloud        Conj/Ice/Air   ######....   41%         6
g - Ozocubu's Armour      Ice            ######..     1%          3
h - Frozen Ramparts       Ice            ######       1%          3
i - Blink                 Tloc           N/A          1%          2

Your spell library contained the following spells:

 Spells                   Type           Power        Failure   Level
 Apportation              Tloc           #####.       1%          1
 Freeze                   Ice            ####         1%          1
 Magic Dart               Conj           ####         1%          1
 Poisonous Vapours        Pois/Air       #####.       1%          2
 Call Imp                 Summ           ##......     19%         2
 Slow                     Hex            ##......     19%         2
 Gell's Gravitas          Tloc           #####.....   3%          3
 Lesser Beckoning         Tloc           #####.....   3%          3
 Mephitic Cloud           Conj/Pois/Air  #####...     3%          3
 Teleport Other           Tloc           #####...     3%          3
 Hailstorm                Conj/Ice       ######..     3%          4
 Conjure Flame            Conj/Fire      ####....     9%          3
 Dazzling Flash           Conj/Hex       ####..       9%          3
 Passage of Golubria      Tloc           N/A          10%         4
 Portal Projectile        Hex/Tloc       ####..       11%         3
 Ice Form                 Ice/Tmut       #####...     16%         4
 Summon Ice Beast         Ice/Summ       #####...     16%         4
 Confusing Touch          Hex            ##......     36%         3
 Ignite Poison            Fire/Tmut/Pois ##......     36%         3
 Spider Form              Tmut/Pois      ##........   36%         3
 Summon Guardian Golem    Hex/Summ       ##......     36%         3
 Tukima's Dance           Hex            ##......     36%         3
 Vampiric Draining        Necr           ##........   36%         3
 Silence                  Hex/Air        #####.....   36%         5
 Fireball                 Conj/Fire      ####......   63%         5
 Alistair's Intoxication  Tmut/Pois      ##.......    98%         5
 Blade Hands              Tmut           ##........   98%         5
 Starburst                Conj/Fire      ####......   99%         6
 Invisibility             Hex            ##......     100%        6
 Ignition                 Fire           ##........   100%        8
 Tornado                  Air            ######....   100%        9


Dungeon Overview and Level Annotations

Branches:
Dungeon (14/15)            Temple (1/1) D:7            Lair (6/6) D:10
  Swamp (4/4) Lair:2       Spider (0/4) Lair:4          Orc (2/2) D:11
    Elf (0/3) Orc:2        Vaults (0/5) D:14        Ossuary (visited)
  IceCv (visited)
  Slime: Lair:5-6

Altars:
Ashenzari
Cheibriados
Dithmenos
Elyvilon
Fedhas
Gozag
Hepliaklqana
Makhleb
Nemelex Xobeh
Okawaru
Qazlal
Ru
Sif Muna
Trog
Uskayaw
Vehumet
Wu Jian
Xom
Yredelemnul
Zin
The Shining One
Beogh

Shops:
Orc:2 :(:?

Annotations:
D:2 Sigmund
D:3 exclusion: upstairs
Lair:1 3 runed translucent doors, dracos369's ghost, journeyman VSFi
Lair:6 1 exclusion
Orc:2 Saint Roka


Innate Abilities, Weirdness & Mutations

You have claws for feet.
You regenerate a little health from kills.
You are completely covered in sharp spines.
When seriously injured, your bleeding wounds create very thick armour. (AC +12)


Message History

Flame seeps out of the cane toad.
The swamp worm is engulfed in blazing flames.
Flame seeps out of the swamp worm.
The swamp worm fires a harpoon shot at you.
The harpoon shot hits you!
* * * LOW HITPOINT WARNING * * *
You are yanked forward by the harpoon shot.
Splash!
You fall into the shallow water.
Moving in this stuff is going to be slow.
The six-headed hydra simulacrum is engulfed in blazing flames.
The six-headed hydra simulacrum explodes!
The tree smoulders and burns.
The fiery explosion engulfs you!!
* * * LOW HITPOINT WARNING * * *
The fiery explosion engulfs the swamp worm!!
The swamp worm explodes!
The fiery explosion engulfs the cane toad!!!
The cane toad explodes!
The tree smoulders and burns.
The fiery explosion engulfs you!!
You die...

#...≈≈≈.≈≈≈≈≈≈♣♣≈.≈≈≈≈
#...≈§..≈≈≈≈≈)...♣≈≈≈.
#≈≈..≈♣.≈≈≈≈.....|....
#≈≈≈.♣♣♣k.≈≈≈≈≈≈♣♣♣♣.§
##≈≈..♣ ♣≈Z.≈≈≈≈♣♣ ♣♣≈
#.....♣♣♣♣)[..≈.≈♣ ♣♣.≈
#..≈.♣§§♣k)<♣.≈.≈♣♣♣.≈≈
♣.≈≈.≈§○§(Z♣♣♣..≈≈§♣.≈≈
♣.≈..§@○D(.♣♣...≈≈≈..≈≈
♣♣≈.§§§○♣..♣≈≈≈≈≈≈÷<..♣
♣♣..§♣§.≈..≈≈≈≈≈≈÷≈♣♣♣
♣≈♣♣♣§♣≈≈§..≈..÷§≈≈♣
♣♣♣ ♣♣♣≈≈≈♣♣♣≈♣.≈≈≈..
♣.≈.♣ ♣♣..≈≈≈≈≈ ≈....♣
♣≈≈≈≈≈.≈ .≈≈≈≈≈
≈....≈♣♣ ≈.≈≈≈♣♣♣


You could see an eight-headed hydra (inner flame, strong), a swamp drake
(strong) and a death drake zombie.

Vanquished Creatures
  Gastronok (Lair:2)
  A thorn hunter (Swamp:2)
  An orc warlord (D:11)
  A stone giant (Orc:2)
  A vampire knight (Swamp:4)
  5 dire elephants (Lair:6)
  Fannar (Lair:1)
  A vault guard (D:13)
  Harold (Lair:1)
  2 ice dragons (IceCv)
  A boulder beetle (D:11)
  6 hydras
  A shambling mangrove (Swamp:3)
  An anaconda (Lair:6)
  3 ghost crabs
  2 two-headed ogres
  Erica (Orc:1)
  2 centaur warriors
  3 catoblepae
  13 alligators
  4 death yaks (Lair:3)
  5 orc high priests (Orc:2)
  An unseen horror (D:10)
  4 swamp dragons (Swamp:3)
  6 spriggan druids
  A spectral hydra (Swamp:4)
  Pikel (D:5)
  3 ugly things
  A cyclops (D:13)
  2 orc sorcerers (Orc:2)
  15 elephants
  2 ice statues (IceCv)
  3 black mambas
  3 torpor snails
  Maggie (D:6)
  5 rime drakes
  9 cane toads
  10 komodo dragons
  A tengu conjurer (D:13)
  8 trolls
  3 tyrant leeches
  4 polar bears (Lair:6)
  7 hornets
  9 slime creatures
  A bog body (Swamp:3)
  19 blink frogs
  A water elemental (D:14)
  5 wyverns
  7 spriggans
  4 basilisks
  29 yaks
  10 vampire mosquitoes
  8 swamp worms
  4 wargs
  Menkaure (D:4)
  15 water moccasins
  10 insubstantial wisps
  Duvessa (D:7)
  8 swamp drakes
  5 sky beasts
  11 ogres
  17 ice beasts
  27 orc warriors
  5 black bears
  4 phantoms
  7 boggarts
  An eye of draining (D:13)
  22 wolves
  4 centaurs
  A lemure (D:4)
  Blork the orc (D:4)
  12 bullfrogs
  2 big kobolds
  2 wyvern skeletons
  13 scorpions
  Dowan (D:7)
  7 wights
  2 bullfrog zombies
  2 howler monkeys
  A quasit (D:10)
  2 centaur zombies
  3 hounds
  Crazy Yiuf (D:2)
  2 centaur skeletons
  29 orc priests
  A jelly (D:10)
  31 orc wizards
  A human zombie (Ossuary)
  3 iguanas
  10 worker ants
  2 big kobold zombies (Ossuary)
  A hound zombie (D:6)
  2 hound skeletons
  3 mummies (Ossuary)
  2 worker ant zombies
  Robin (D:3)
  3 scorpion zombies (Ossuary)
  8 adders
  4 shadow imps
  5 white imps
  An ufetubus (D:5)
  3 oozes
  2 adder skeletons
  4 worms
  4 leopard geckos
  107 orcs
  A ball python (D:4)
  2 giant cockroaches
  17 goblins
  11 hobgoblins
  10 kobolds
  5 quokkas
  6 bats
  3 frilled lizards
  5 goblin zombies (Ossuary)
  2 hobgoblin zombies (Ossuary)
  A kobold zombie (Ossuary)
  An orc zombie (Ossuary)
  6 rats
731 creatures vanquished.

Vanquished Creatures (collateral kills)
  An orc priest (D:11)
  An orc wizard (D:11)
2 creatures vanquished.

Vanquished Creatures (others)
  An alligator (Swamp:3)
  A tyrant leech (Swamp:3)
  3 dream sheep (Lair:5)
  A swamp worm (Swamp:1)
  A boggart (D:14)
  2 scorpions (Ossuary)
  An orc priest (Orc:2)
  25 fungi
  53 plants
88 creatures vanquished.

Grand Total: 821 creatures vanquished

Notes
Turn   | Place    | Note
-------+----------+-------------------------------------------
     0 | D:1      | Lavandula the Demonspawn Air Elementalist began the quest
                  | for the Orb.
     0 | D:1      | Reached XP level 1. HP: 13/13 MP: 3/3
   369 | D:1      | Gained mutation: You have sharp toenails. [demonic
                  | ancestry]
   369 | D:1      | Reached XP level 2. HP: 19/19 MP: 5/5
   785 | D:2      | Gained mutation: You are partially covered in sharp spines.
                  | [demonic ancestry]
   785 | D:2      | Reached XP level 3. HP: 20/24 MP: 0/7
   902 | D:2      | Noticed Sigmund
  1030 | D:3      | Learned a level 2 spell: Swiftness
  1034 | D:3      | Learned a level 3 spell: Static Discharge
  1270 | D:3      | Noticed Robin
  1316 | D:3      | Killed Robin
  1316 | D:3      | Gained mutation: You are mostly covered in sharp spines.
                  | [demonic ancestry]
  1316 | D:3      | Reached XP level 4. HP: 26/30 MP: 0/9
  1630 | D:2      | Found a blossoming altar of Fedhas.
  2259 | D:2      | Found a runed translucent door.
  2260 | D:2      | Noticed Crazy Yiuf
  2274 | D:2      | Killed Crazy Yiuf
  2274 | D:2      | Reached skill level 1 in Fighting
  2497 | D:3      | Reached XP level 5. HP: 38/38 MP: 6/10
  2692 | D:4      | Noticed Blork the orc
  2748 | D:4      | Found a stormy altar of Qazlal.
  2842 | D:4      | Found a sand-covered staircase.
  2852 | D:4      | Gained mutation: You have razor-sharp toenails. [demonic
                  | ancestry]
  2852 | D:4      | Reached XP level 6. HP: 31/47 MP: 11/11
  2857 | D:4      | Killed Blork the orc
  2863 | D:4      | Noticed Menkaure
  2869 | Ossuary  | Entered an ossuary
  2998 | Ossuary  | Reached skill level 1 in Long Blades
  3073 | Ossuary  | Gained mutation: When seriously injured, your bleeding
                  | wounds create armour. (AC +12) [demonic ancestry]
  3073 | Ossuary  | Reached XP level 7. HP: 52/52 MP: 12/12
  3821 | Ossuary  | Reached skill level 5 in Long Blades
  4028 | D:4      | Killed Menkaure
  4028 | D:4      | Reached XP level 8. HP: 58/58 MP: 13/13
  4167 | D:4      | Reached skill level 5 in Air Magic
  4365 | D:5      | Entered Level 5 of the Dungeon
  4455 | D:4      | Learned a level 4 spell: Airstrike
  4833 | D:5      | Noticed Pikel
  4841 | D:5      | Killed Pikel
  5788 | D:6      | Noticed Maggie
  5800 | D:6      | Killed Maggie
  5800 | D:6      | Gained mutation: You are completely covered in sharp
                  | spines. [demonic ancestry]
  5800 | D:6      | Reached XP level 9. HP: 33/63 MP: 14/14
  6142 | D:6      | Identified a scroll of acquirement
  6143 | D:6      | Acquired the +3 lajatang "Viloula" {vorpal, rPois Str-2
                  | Stlth+}
  6344 | D:6      | Reached skill level 1 in Staves
  6609 | D:7      | Noticed Duvessa
  6609 | D:7      | Noticed Dowan
  6776 | D:7      | Found a staircase to the Ecumenical Temple.
  6788 | Temple   | Entered the Ecumenical Temple
  6855 | Temple   | Became a worshipper of Sif Muna the Loreminder
  7017 | D:7      | Killed Dowan
  7017 | D:7      | Killed Duvessa
  7142 | D:7      | Reached skill level 5 in Staves
  7639 | D:9      | Reached * piety under Sif Muna
  7688 | D:9      | Noticed a troll
  7690 | D:9      | Reached XP level 10. HP: 44/70 MP: 15/15
  8648 | D:9      | Found a roughly hewn altar of Beogh.
  8921 | D:10     | Entered Level 10 of the Dungeon
  8954 | D:10     | Found a staircase to the Lair.
  8954 | D:10     | Noticed an elephant
  8988 | D:10     | Killed an elephant
  9018 | D:10     | Reached ** piety under Sif Muna
  9141 | D:10     | Noticed a two-headed ogre
  9163 | D:10     | Killed a two-headed ogre
  9679 | D:10     | Got a shimmering ring mail
  9690 | D:10     | Identified the +3 ring mail of Dawn {rPois Str+2 Int+2}
                  | (You found it on level 10 of the Dungeon)
  9712 | D:10     | Reached skill level 5 in Spellcasting
  9780 | D:10     | Killed an unseen horror
  9975 | D:10     | Gained mutation: You have claws for feet. [demonic
                  | ancestry]
  9975 | D:10     | Reached XP level 11. HP: 74/75 MP: 20/20
 10209 | D:10     | Found a portal to a secret trove of treasure.
 10331 | Trove    | Entered a treasure trove
 10357 | Trove    | Got a pitted turquoise ring
 10359 | Trove    | Identified the ring "Urhuliav" {Int+7 SInv} (You found it
                  | in a treasure trove)
 10574 | D:12     | Noticed a purple ugly thing
 10587 | D:12     | Killed a purple ugly thing
 10610 | D:12     | Found a frozen archway.
 10621 | IceCv    | Entered an ice cave
 10700 | IceCv    | Reached skill level 1 in Armour
 11246 | IceCv    | Noticed an ice dragon
 11252 | IceCv    | Noticed an ice dragon
 11295 | IceCv    | Killed an ice dragon
 11296 | IceCv    | Killed an ice dragon
 11296 | IceCv    | Reached skill level 5 in Armour
 11724 | D:12     | Reached skill level 5 in Dodging
 12015 | D:13     | Noticed a white ugly thing
 12251 | D:12     | Got a clouded platinum ring
 12254 | D:12     | Identified the ring "Juczac" {+Inv rPois rN+ rCorr SInv}
                  | (You found it on level 12 of the Dungeon)
 12308 | D:13     | Noticed an eight-headed hydra
 12314 | D:13     | Killed an eight-headed hydra
 12314 | D:13     | Gained mutation: When seriously injured, your bleeding
                  | wounds create thick armour. (AC +12) [demonic ancestry]
 12314 | D:13     | Reached XP level 12. HP: 81/81 MP: 3/24
 12363 | D:14     | Noticed a centaur warrior
 12366 | D:14     | Noticed a centaur warrior
 12378 | D:13     | Killed a centaur warrior
 12381 | D:13     | Noticed a two-headed ogre
 12391 | D:13     | Killed a two-headed ogre
 12417 | D:13     | Noticed a catoblepas
 12433 | D:13     | Killed a catoblepas
 12535 | D:14     | Noticed a two-headed ogre
 12600 | D:14     | Noticed an eight-headed hydra
 12618 | D:14     | Noticed a centaur warrior
 12626 | D:14     | Killed a centaur warrior
 12697 | D:14     | Noticed a centaur warrior
 12710 | D:14     | Found a gate to the Vaults.
 12710 | D:14     | Noticed a vault guard
 12710 | D:14     | Noticed a vault guard
 12710 | D:14     | Noticed a vault guard
 12710 | D:14     | Noticed a vault guard
 12756 | D:13     | Killed a vault guard
 12852 | Lair:1   | Entered Level 1 of the Lair of Beasts
 12967 | Lair:1   | Found a runed translucent gate.
 13033 | Lair:1   | Noticed Fannar
 13051 | Lair:1   | Killed Fannar
 13291 | Lair:1   | Noticed Harold
 13299 | Lair:1   | Killed Harold
 13299 | Lair:1   | Reached skill level 5 in Conjurations
 13614 | Lair:1   | Found a runed translucent gate.
 13614 | Lair:1   | Noticed dracos369's ghost (journeyman VSFi)
 13615 | Lair:1   | Found a runed translucent gate.
 13615 | Lair:1   | Noticed a ten-headed hydra
 13892 | D:10     | Learned a level 5 spell: Lightning Bolt
 14171 | Lair:2   | Found a staircase to the Swamp.
 14387 | Lair:2   | Learned a level 6 spell: Freezing Cloud
 14388 | Lair:2   | Noticed Gastronok
 14416 | Lair:2   | Killed Gastronok
 14416 | Lair:2   | Gained mutation: You regenerate a little health from kills.
                  | [demonic ancestry]
 14416 | Lair:2   | Reached XP level 13. HP: 39/86 MP: 0/25
 14800 | Lair:2   | Found the +8 mithril axe "Arga" {speed, MR+}
 15091 | Lair:2   | Reached *** piety under Sif Muna
 15533 | Lair:3   | Reached skill level 1 in Ice Magic
 15815 | Lair:3   | Reached skill level 5 in Ice Magic
 16275 | Lair:4   | Found a hole to the Spider Nest.
 16557 | Lair:4   | Reached **** piety under Sif Muna
 16763 | Lair:6   | Entered Level 6 of the Lair of Beasts
 16925 | Lair:6   | Gained mutation: When seriously injured, your bleeding
                  | wounds create very thick armour. (AC +12) [demonic
                  | ancestry]
 16925 | Lair:6   | Reached XP level 14. HP: 82/96 MP: 21/26
 17202 | Lair:6   | Reached ***** piety under Sif Muna
 17514 | Lair:6   | Found the +5 demon whip "Spellbinder" {antimagic, MR+}
 17702 | Lair:6   | Reached skill level 2 in Invocations
 17821 | Lair:6   | Reached skill level 3 in Invocations
 17832 | Lair:6   | Reached skill level 4 in Invocations
 17846 | Lair:6   | Got a smelly scale mail
 17857 | Lair:6   | Identified the +5 scale mail of Neol {-Cast MP+9 Str+2}
                  | (You found it on level 6 of the Lair of Beasts)
 17903 | Lair:6   | Identified Sif Muna's Thaumaturgy Continued (Sif Muna
                  | gifted it to you on level 6 of the Lair of Beasts)
 17903 | Lair:6   | Received a gift from Sif Muna
 17903 | Lair:6   | Reached skill level 5 in Invocations
 18138 | Lair:3   | Reached skill level 6 in Invocations
 18712 | D:11     | Reached skill level 7 in Invocations
 18883 | D:11     | Found a staircase to the Orcish Mines.
 18923 | Orc:1    | Entered Level 1 of the Orcish Mines
 18923 | Orc:1    | Noticed Erica
 18928 | Orc:1    | Killed Erica
 18928 | Orc:1    | Reached skill level 8 in Invocations
 18942 | Orc:1    | Noticed an orc warlord
 19071 | D:11     | Killed an orc warlord
 19071 | D:11     | Reached skill level 9 in Invocations
 19204 | Orc:1    | Identified Xosk's Compendium of Captivating Changing (Sif
                  | Muna gifted it to you on level 1 of the Orcish Mines)
 19204 | Orc:1    | Received a gift from Sif Muna
 19322 | Orc:1    | Found a roughly hewn altar of Beogh.
 19584 | Orc:2    | Entered Level 2 of the Orcish Mines
 19609 | Orc:2    | Noticed a stone giant
 19614 | Orc:2    | Noticed Saint Roka
 19619 | Orc:2    | Killed a stone giant
 19619 | Orc:2    | Reached skill level 10 in Invocations
 19630 | Orc:2    | Found a staircase to the Elven Halls.
 20079 | Orc:2    | Reached skill level 11 in Invocations
 20219 | Orc:2    | Found Diothacs's Book Boutique.
 20219 | Orc:2    | Found Saac Ugoduj's Magic Scroll Boutique.
 20219 | Orc:2    | Found Hurhe's Weapon Shop.
 20223 | Orc:2    | Found Beniall's Book Shop.
 20300 | Orc:2    | Bought a scroll of fear for 59 gold pieces
 20300 | Orc:2    | Bought a scroll of silence for 127 gold pieces
 20300 | Orc:2    | Bought a scroll of magic mapping for 59 gold pieces
 20300 | Orc:2    | Bought a scroll of teleportation for 51 gold pieces
 20300 | Orc:2    | Bought a scroll of fear for 59 gold pieces
 20305 | Orc:2    | Bought Vygutib's Compendium of Warped Flight for 996 gold
                  | pieces
 20306 | Orc:2    | Bought a book of Party Tricks for 600 gold pieces
 20307 | Orc:2    | Bought a book of Frost for 490 gold pieces
 20311 | Orc:2    | Learned a level 3 spell: Ozocubu's Armour
 20315 | Orc:2    | Learned a level 3 spell: Frozen Ramparts
 20488 | Orc:2    | Found a roughly hewn altar of Beogh.
 20631 | Swamp:1  | Entered Level 1 of the Swamp
 20684 | Swamp:1  | Reached XP level 15. HP: 64/101 MP: 0/27
 20854 | Swamp:1  | Reached skill level 10 in Air Magic
 21005 | Swamp:1  | Learned a level 2 spell: Blink
 21139 | Swamp:2  | Noticed a thorn hunter
 21146 | Swamp:2  | Killed a thorn hunter
 21544 | Swamp:4  | Entered Level 4 of the Swamp
 21670 | Swamp:3  | Reached skill level 10 in Dodging
 21982 | Swamp:3  | Reached skill level 1 in Translocations
 22645 | Swamp:3  | Reached skill level 5 in Translocations
 23001 | Swamp:4  | Paralysed by a vampire knight for 6 turns
 23154 | Swamp:4  | HP: 3/101 [six-headed hydra simulacrum/exploding inner
                  | flame[the player character] (26)]
 23154 | Swamp:4  | Killed from afar by a cane toad

Illustrated notes

Levels and vault maps discovered:
D:1:      lightli_arrival_maybe_door_vault, layout_basic, serial_rivers,
          chequers_serial_rivers_micro_a, chequers_serial_rivers_micro_b,
          chequers_serial_rivers_room_a, chequers_serial_rivers_micro_d
D:2:      layout_loops_ring, fedhas_altar_fruit_tree, uniq_sigmund,
          uniq_crazy_yiuf_cottage
D:3:      layout_rooms, uniq_robin
D:4:      layout_rooms, nicolae_qazlal_general_emergency, enter_ossuary_3,
          chequers_decorated_corner, uniq_blork_the_orc, uniq_menkaure
D:5:      layout_layer_cave, uniq_pikel
D:6:      layout_basic, minmay_starry_boxes, uniq_maggie
D:7:      layout_cave_pools, minmay_temple_entry_glass, uniq_duvessa
D:8:      layout_basic, basic_altar, uniq_joseph
D:9:      layout_basic, special_room [special_room_orc], serial_shops,
          shop_statue, shop, nicolae_shop_stone, kennysheep_donut
D:10:     layout_stronghold, david_lair_generic, enter_trove_6
D:11:     layout_roguey, erik_orc_1
D:12:     layout_long_grid, gauntlet_entry_generic, portal_ice_cave_rime
D:13:     layout_basic
D:14:     lemuel_traditional_vault, layout_irregular_city,
          lightli_vaults_fourway_checkpoint, serial_park_tiny_2
Temple:   compressed_dpeg_triangle_lava_temple
Lair:1:   layout_gridlike, gammafunk_ghost_hydra_chop,
          grunt_forest_stairs_basic, grunt_forest_large_clearing_hut,
          uniq_harold, uniq_fannar
Lair:2:   layout_cave_pods, swamp_mist_pool, beast_lair_carwin_11,
          serial_bayou_shore_b, uniq_gastronok
Lair:3:   layout_long_grid, grunt_megastairs_2
Lair:4:   layout_gridlike, dummy_spider_entry, basic_altar, uniq_snorg,
          uniq_rupert
Lair:5:   layout_loops_ring, nicolae_slime_entry_slimehenge,
          infiniplex_staircase_pool_2
Lair:6:   due_jungle_book, layout_loops_ring, columned_hall_lemuel,
          kilobyte_rumbling_trees
Swamp:1:  layout_basic_swamp, evilmike_swamp_ruin_house_1
Swamp:2:  layout_basic_swamp, serial_swamp_ruin, evilmike_swamp_ruin_house_4,
          evilmike_swamp_ruin_house_6, swamp_pool1, infiniplex_staircase_pool
Swamp:3:  layout_falls_marsh, evilmike_swamp_ruin_house_2
Swamp:4:  byrel_swamp_growth_death_and_undeath, layout_basic_swamp
Orc:1:    layout_caves, basic_altar, uniq_erica
Orc:2:    st_orc_mages, layout_caves, minmay_orc_temple_a, uniq_saint_roka

Skill      XL: |  1  2  3  4  5  6  7  8  9 10 11 12 13 14 15 |
---------------+----------------------------------------------+-----
Spellcasting   | 3 6 8 |  8.8
Air Magic      | 3 4 8 9 10 | 10.5
Fighting       | 1 3 4 |  4.6
Dodging        | 3 4 6 9 10 | 10.5
Long Blades    | 2 5 |  5.3
Staves         | 6 9 |  9.2
Armour         | 5 |  5.1
Evocations     | 3 4 |  4.3
Conjurations   | 7 |  7.0
Throwing       | 2 4 |  4.3
Ice Magic      | 8 9 |  9.9
Invocations    | 11 | 11.4
Translocations | 6 |  6.1
Stealth        | |  1.7

Action                   |  1- 3 |  4- 6 |  7- 9 | 10-12 | 13-15 || total
-------------------------+-------+-------+-------+-------+-------++-------
Melee: Short sword       |    10 |       |       |       |       ||    10
       Kick              |     1 |    18 |    44 |   116 |   375 ||   554
       Falchion          |       |    57 |   155 |       |       ||   212
       Lajatang          |       |       |    38 |   450 |  1010 ||  1498
Throw: Dart              |       |     6 |    18 |     6 |     3 ||    33
       Throwing net      |       |       |       |       |     3 ||     3
       Javelin           |       |       |       |       |     6 ||     6
 Cast: Shock             |    66 |    30 |    77 |    90 |    29 ||   292
       Airstrike         |       |       |     7 |    51 |    99 ||   157
       Static Discharge  |       |       |     1 |     5 |       ||     6
       Swiftness         |       |       |       |     2 |       ||     2
       Lightning Bolt    |       |       |       |     3 |    13 ||    16
       Freezing Cloud    |       |       |       |       |     2 ||     2
       Ozocubu's Armour  |       |       |       |       |    10 ||    10
       Blink             |       |       |       |       |     5 ||     5
       Tornado           |       |       |       |       |     2 ||     2
       Frozen Ramparts   |       |       |       |       |     2 ||     2
Invok: Divine Exegesis   |       |       |       |       |     4 ||     4
       Channel Magic     |       |       |       |       |     1 ||     1
Evoke: Box of beasts     |       |       |       |     4 |     6 ||    10
       Wand              |       |       |       |       |    13 ||    13
  Use: Potion            |     2 |       |     2 |     6 |     3 ||    13
       Scroll            |     6 |     6 |     5 |    18 |    14 ||    49
 Stab: Sleeping          |     1 |     1 |     5 |    12 |       ||    19
       Distracted        |       |     1 |       |       |     2 ||     3
       Invisible         |       |       |       |     1 |       ||     1
       Petrified         |       |       |       |     2 |       ||     2
       Held in net/web   |       |       |       |       |     3 ||     3
       Confused          |       |       |       |       |     1 ||     1
Armor: Robe              |     8 |    14 |    28 |       |       ||    50
       Acid dragon scale |       |       |    48 |    38 |       ||    86
       Ring mail         |       |       |       |   158 |   439 ||   597
Dodge: Dodged            |    21 |    33 |   100 |   280 |   885 ||  1319
Block: Other             |       |       |    24 |    76 |    39 ||   139
       Reflection        |       |       |       |     6 |       ||     6
       Rpst.: Falchion   |       |    13 |    24 |       |       ||    37

Table legend: (Time is in decaauts)
 A = Elapsed time spent in this place.
 B = Non-inter-level travel time spent in this place.
 C = Inter-level travel time spent in this place.
 D = Time resting spent in this place.
 E = Time spent auto-exploring this place.
 F = Levels seen in this place.
 G = Mean time per level.
                   A        B        C        D        E       F      G
               +--------+--------+--------+--------+--------+-----+--------+
         Total |  23233 |  21713 |   1520 |   3266 |  11999 |  30 |  774.4 |
       Dungeon |  11849 |  10895 |    954 |    850 |   7159 |  14 |  846.4 |
        Temple |     77 |     67 |     10 |      0 |     59 |   1 |   77.0 |
          Lair |   5215 |   4819 |    396 |    486 |   2828 |   6 |  869.2 |
         Swamp |   2591 |   2484 |    107 |    635 |   1108 |   4 |  647.8 |
  Orcish Mines |   1388 |   1337 |     51 |    217 |    606 |   2 |  694.0 |
         Trove |     56 |     56 |      0 |      0 |      5 |   1 |   56.0 |
       Ossuary |   1166 |   1166 |      0 |    595 |    216 |   1 | 1166.0 |
      Ice Cave |    887 |    887 |      0 |    483 |     17 |   1 |  887.0 |
               +--------+--------+--------+--------+--------+-----+--------+

Top non-repeatable levels by time:
    D:10: 1690 daAuts
 Swamp:3: 1573 daAuts
  Lair:2: 1520 daAuts
  Lair:6: 1322 daAuts
     D:5: 1290 daAuts
     D:2: 1183 daAuts
 Ossuary: 1166 daAuts
     D:9: 1101 daAuts
    D:11: 1018 daAuts
     D:6: 977 daAuts
  Lair:1: 930 daAuts
  Lair:3: 902 daAuts
   IceCv: 887 daAuts
     D:3: 846 daAuts
     D:7: 814 daAuts
